 Dungeon Crawl Stone Soup version 0.30-a0-135-g630cfc4551 (webtiles) character file.

Game seed: 4803204176919883700

106 NinjaNoafa the Charlatan (level 4, -4/37 HPs)
             Began as a Draconian Artificer on Sept 20, 2022.
             Was a Follower of Okawaru.
             Slain by an iguana (6 damage)
             ... on level 3 of the Dungeon.
             The game lasted 00:05:00 (3462 turns).

NinjaNoafa the Charlatan (Draconian Artificer)      Turns: 3462, Time: 00:05:01

Health: -4/37      AC:  5    Str: 17    XL:     4   Next: 55%
Magic:  4/4        EV: 12    Int: 11    God:    Okawaru [*.....]
Gold:   75         SH:  0    Dex: 11    Spells: 3/3 levels left

rFire   . . .      SeeInvis .    f - +0 whip
rCold   . . .      Faith    .    (no shield)
rNeg    . . .      Spirit   .    (body armour unavailable)
rPois   .          Reflect  .    (helmet restricted)
rElec   .          Harm     .    (no cloak)
rCorr   .          Rampage  .    (no gloves)
Will    .....                    (no boots)
Stlth   ++........               (no amulet)
HPRegen 0.12/turn                (no ring)
MPRegen 0.09/turn                (no ring)

@: no status effects
A: AC +5, unfitting armour, cold-blooded
a: Renounce Religion, Heroism


You were on level 3 of the Dungeon.
You worshipped Okawaru.
Okawaru was aware of your devotion.
You visited 1 branch of the dungeon, and saw 4 of its levels.

You collected 75 gold pieces.

Inventory:

Hand Weapons
 f - a +0 whip (weapon)
Missiles
 g - 14 stones
Jewellery
 c - a ring of fire
Wands
 b - a wand of flame (13) (quivered)
 d - a wand of iceblast (5)
Scrolls
 a - a scroll of poison {unknown}
 e - a scroll of fog {unknown}
 i - 2 scrolls of enchant weapon {unknown}
 j - 2 scrolls of identify {unknown}
 k - a scroll of torment {unknown}
 l - a scroll of amnesia {unknown}
 r - a scroll of magic mapping {unknown}
Potions
 h - 2 potions of flight
 m - a potion of heal wounds
 n - 2 potions of curing
 o - a potion of haste {unknown}
 p - a potion of might {unknown}
 q - a potion of degeneration {unknown}


   Skills:
 + Level 2.4 Fighting
 + Level 2.8 Dodging
 + Level 2.0 Stealth
 + Level 1.3 Invocations
 + Level 3.6 Evocations


You had 3 spell levels left.
You didn't know any spells.
Your spell library was empty.

Dungeon Overview and Level Annotations

Branches:
Dungeon (4/15)
 Temple: D:4-7

Altars:
Okawaru


Innate Abilities, Weirdness & Mutations

Your plain brown scales are hard. (AC +5)
You cannot fit into any form of body armour.
You are cold-blooded and may be slowed by cold attacks.


Message History

The iguana hisses angrily.
An iguana is nearby!
You see here a +0 quarterstaff.
There is an open door here.
There is a stone staircase leading down here.
You climb downwards.
Found a ring mail.
There is a stone staircase leading up here.
There are monsters nearby!
You climb upwards.
The iguana bites you but does no damage.
There is a stone staircase leading down here.
You barely miss the iguana. The iguana bites you!
The iguana closely misses you.
You hit the iguana but do no damage. The iguana bites you.
You hit the iguana but do no damage. You tail-slap the iguana.
The iguana is lightly wounded.
The iguana barely misses you.
You closely miss the iguana. You tail-slap the iguana.
The iguana is lightly wounded.
The iguana bites you.
* * * LOW HITPOINT WARNING * * *
You hit the iguana.
The iguana is heavily wounded.
The iguana misses you.
You closely miss the iguana.
You tail-slap the iguana, but do no damage.
The iguana is heavily wounded.
The iguana closely misses you.
You hit the iguana.
The iguana is almost dead.
The iguana misses you.
You hit the iguana but do no damage.
The iguana is almost dead.
The iguana bites you!
* * * LOW HITPOINT WARNING * * *
You barely miss the iguana.
The iguana is almost dead.
The iguana bites you.
You die...

#....†......# #####
#......)....# #...#
#...........# ###...####
#...........#
.........####...........#
.# #.......##....††.....#
.# #.......##...........#
.###.......#####l########
................@#
.###.............# .#
#.......#####.# .#
#.......# #.# .#
#.......#####.# +#
##########....# ..
#......#l#### ..
#......#'#### ..
#...........#


You could see an iguana.

Vanquished Creatures
  A hound (D:3)
  3 adders
  A gnoll (D:2)
  2 dart slugs
  2 ball pythons
  2 bats (D:2)
  2 endoplasms
  2 giant cockroaches
  4 goblins
  4 hobgoblins
  3 jackals (D:3)
  A quokka (D:1)
  3 frilled lizards
  3 kobolds (D:1)
  5 rats
38 creatures vanquished.

Notes
Turn   | Place    | Note
-------+----------+-------------------------------------------
     0 | D:1      | NinjaNoafa the Draconian Artificer began the quest for the
                  | Orb.
     0 | D:1      | Reached XP level 1. HP: 16/16 MP: 1/1
   220 | D:1      | Reached skill level 1 in Stealth
   764 | D:1      | Reached XP level 2. HP: 11/23 MP: 2/2
  1597 | D:1      | You fall into a shaft and drop 1 floor!
  1789 | D:2      | Found a faded altar of an unknown god.
  1860 | D:2      | Prayed at the altar of an unknown god.
  1860 | D:2      | Became a worshipper of Warmaster Okawaru
  1860 | D:2      | Reached * piety under Okawaru
  1956 | D:2      | Reached XP level 3. HP: 28/29 MP: 3/3
  3090 | D:3      | Reached XP level 4. HP: 14/36 MP: 4/4
  3093 | D:3      | Reached skill level 1 in Invocations
  3447 | D:4      | Noticed a scorpion
  3462 | D:3      | Slain by an iguana

Illustrated notes

Levels and vault maps discovered:
D:1:      evilmike_arrival_fibonacci_small, layout_basic
D:2:      minmay_diamond_boxcup, layout_basic, ebering_ecumenical_altar_rust,
          minmay_misc_feat_more_columns
D:3:      minmay_chambers_of_threes, layout_basic
D:4:      layout_loops_cross, dreamdust_wishing_well

Skill      XL: |  1  2  3  4 |
---------------+-------------+-----
Stealth        | 1 2 |  2.0
Fighting       | 2 |  2.4
Invocations    | 1 |  1.3
Dodging        | |  2.8
Evocations     | |  3.6

Action                   |  1- 3 |  4- 6 || total
-------------------------+-------+-------++-------
Melee: Club              |   125 |       ||   125
       Tailslap          |    14 |     6 ||    20
       Whip              |    31 |    44 ||    75
Evoke: Wand              |     2 |       ||     2
  Use: Potion            |     7 |       ||     7
 Stab: Sleeping          |     2 |       ||     2
       Invisible         |     1 |       ||     1
Armor: Skin              |    74 |    12 ||    86
Dodge: Dodged            |   150 |    26 ||   176

Table legend: (Time is in decaauts)
 A = Elapsed time spent in this place.
 B = Non-inter-level travel time spent in this place.
 C = Inter-level travel time spent in this place.
 D = Time resting spent in this place.
 E = Time spent auto-exploring this place.
 F = Levels seen in this place.
 G = Mean time per level.
                   A        B        C        D        E       F      G
               +--------+--------+--------+--------+--------+-----+--------+
         Total |   3508 |   3427 |     81 |      0 |   2890 |   4 |  877.0 |
       Dungeon |   3508 |   3427 |     81 |      0 |   2890 |   4 |  877.0 |
               +--------+--------+--------+--------+--------+-----+--------+

Top non-repeatable levels by time:
     D:1: 1740 daAuts
     D:2: 1370 daAuts
     D:3: 391 daAuts
     D:4: 5 daAuts
